Map: [TLMC15] Glittering Ashes

Players

DPGZest (Zest) - Winner!

  • Race: Protoss Protoss
  • League: Master

LiquidMaNa (MaNa)

  • Race: Protoss Protoss

VOD

Have the link to the VOD?

Description

Time

  • Played on: Oct. 21, 2021, 7:41 a.m.
  • Length: 5:55
Show
View Real Time Build Order
Export as new Build Order

DPGZest Protoss - Winner!

Build Orders:  

Get SALT Encoding   

  12  0:00  Probe  
  13  0:12  Probe  
  14  0:17  Pylon  
  14  0:24  Probe (Chrono Boost)  
  15  0:37  Probe (Chrono Boost), Gateway  
  16  0:43  Probe (Chrono Boost)  
  16  0:45  Assimilator  
  17  0:51  Probe  
  18  1:03  Probe  
  19  1:04  Assimilator  
  19  1:08  Gateway  
  19  1:15  Probe  
  20  1:24  Cybernetics Core  
  20  1:27  Probe  
  21  1:34  Pylon  
  21  1:39  Probe  
  22  1:52  Gateway  
  23  1:56  Warp Gate (Chrono Boost)  
  23  2:00  Adept  
  23  2:01  Adept  
  26  2:30  Stalker x2  
  26  2:31  Pylon  
  30  2:48  Stalker  
  30  2:49  Gateway  
  32  3:10  Pylon  
  32  3:31  Shield Battery  
  32  3:36  Stalker x3  
  38  3:43  Stalker  
  38  3:45  Pylon  
  36  4:08  Stalker x4  
  42  4:39  Stalker  
  42  4:40  Stalker x2  
  48  4:47  Stalker  
  50  5:03  Stalker x2  
  53  5:15  Adept  
  43  5:42  Stalker x3  
Show
View Real Time Build Order
Export as new Build Order

LiquidMaNa Protoss 

Build Orders: Proxy Void Ray 

Get SALT Encoding   

  12  0:00  Probe  
  13  0:12  Probe  
  14  0:17  Pylon  
  14  0:24  Probe (Chrono Boost)  
  15  0:37  Probe (Chrono Boost), Gateway  
  16  0:44  Probe (Chrono Boost)  
  16  0:47  Assimilator  
  17  0:51  Probe  
  18  1:03  Probe (Chrono Boost)  
  19  1:04  Assimilator  
  19  1:06  Pylon  
  19  1:13  Probe (Chrono Boost)  
  19  1:17  Probe (Chrono Boost)  
  21  1:31  Probe, Cybernetics Core  
  22  1:37  Zealot  
  24  1:43  Probe  
  25  1:55  Probe  
  26  2:07  Nexus  
  26  2:19  Stargate  
  26  2:22  Stalker (Chrono Boost)  
  28  2:31  Shield Battery  
  28  2:36  Warp Gate  
  29  2:42  Pylon  
  28  2:48  Shield Battery  
  28  2:58  Gateway  
  28  2:59  Void Ray (Chrono Boost)  
  28  3:12  Probe  
  33  3:19  Stalker  
  35  3:28  Void Ray (Chrono Boost)  
  39  3:43  Shield Battery  
  39  3:45  Stalker  
  38  4:03  Shield Battery  
  38  4:04  Shield Battery  
  38  4:08  Void Ray (Chrono Boost)  
  40  4:23  Probe x2  
  42  4:26  Zealot  
  42  4:28  Zealot  
  44  4:42  Void Ray (Chrono Boost)  
  44  4:48  Zealot  
  50  5:01  Pylon  
  48  5:21  Zealot  
  38  5:41  Probe x2  
  38  5:42  Zealot  
  40  5:53  Pylon  
Tags
 
Add a new tag
Caveats
  • Supply blocks, unpowered buildings, or Contaminate may cause inaccurate times.
  • Supply counts are checked every 10 seconds.